Map: Newkirk Precinct TE (Void)

Players

Warren

  • Race: Zerg Zerg
  • Spawn Location: 7:00

FeaR - Winner!

  • Race: Protoss Protoss
  • Spawn Location: 5:00

Event: WCS Austin 2017

VOD

Have the link to the VOD?

Description

Time

  • Played on: April 28, 2017, 1:27 p.m.
  • Length: 7:00

All games in this series

Show
View Real Time Build Order
Export as new Build Order

Warren Zerg 

Build Orders: Hatch First 

Get SALT Encoding   

  12  0:00  Drone  
  13  0:13  Overlord  
  13  0:20  Drone  
  14  0:31  Drone  
  14  0:32  Drone  
  16  0:50  Hatchery  
  16  0:54  Drone  
  17  0:57  Drone  
  17  1:01  Drone  
  18  1:11  Extractor  
  18  1:12  Drone  
  18  1:19  Spawning Pool  
  18  1:22  Drone  
  18  1:30  Drone  
  19  1:39  Overlord  
  19  1:51  Drone  
  20  2:02  Drone  
  20  2:06  Zergling x2  
  20  2:08  Queen x2  
  22  2:12  Metabolic Boost  
  22  2:14  Drone  
  28  2:15  Drone  
  28  2:25  Drone x2  
  30  2:33  Drone  
  31  2:41  Hatchery  
  30  2:45  Queen  
  30  2:48  Zergling x2  
  30  2:51  Zergling x2  
  34  2:55  Overlord  
  34  2:57  Drone  
  35  3:00  Drone  
  36  3:17  Drone x4  
  36  3:18  Drone  
  41  3:20  Overlord  
  41  3:25  Drone x3  
  43  3:38  Queen  
  43  3:40  Overlord  
  45  3:42  Drone x2  
  45  3:45  Queen  
  45  3:48  Drone  
  50  3:49  Drone  
  50  3:51  Drone  
  53  3:55  Drone x2  
  53  3:56  Drone x3, Evolution Chamber  
  56  4:03  Overlord  
  56  4:06  Drone x3  
  59  4:12  Roach Warren  
  59  4:14  Extractor  
  57  4:20  Drone x2  
  57  4:21  Drone  
  59  4:28  Zergling x2, Zerg Melee Weapons Level 1  
  59  4:29  Zergling x12  
  59  4:31  Zergling x2  
  67  4:32  Zergling x2  
  68  4:40  Zergling x10  
  68  4:44  Overlord  
  73  4:52  Overlord  
  73  4:53  Overlord x2  
  73  4:54  Drone  
  74  5:03  Overlord  
  73  5:11  Drone x2  
  73  5:12  Drone x6  
  73  5:13  Drone  
  73  5:14  Lair  
  82  5:15  Drone  
  83  5:22  Drone x3  
  83  5:25  Hatchery  
  85  5:30  Extractor  
  85  5:31  Drone x3  
  85  5:32  Baneling Nest  
  85  5:35  Spore Crawler x2  
  84  5:37  Spore Crawler  
  84  5:42  Spore Crawler  
  75  5:43  Zergling x10  
  75  5:49  Zergling x8  
  75  5:50  Zergling x2  
  75  5:53  Zergling x4  
  73  6:03  Zergling x6  
  72  6:13  Spore Crawler  
  72  6:15  Overseer  
  70  6:21  Roach  
  74  6:25  Roach  
  74  6:30  Roach  
  74  6:31  Roach  
  77  6:39  Roach x2  
Show
View Real Time Build Order
Export as new Build Order

FeaR Protoss - Winner!

Build Orders: 1 Gate Expand, Dark Templar Rush 

Get SALT Encoding   

  12  0:00  Probe (Chrono Boost)  
  13  0:11  Probe (Chrono Boost)  
  14  0:18  Pylon  
  14  0:22  Probe (Chrono Boost)  
  15  0:37  Probe (Chrono Boost)  
  15  0:40  Gateway  
  16  0:47  Probe (Chrono Boost)  
  16  0:49  Assimilator  
  17  0:58  Probe (Chrono Boost)  
  18  1:08  Probe (Chrono Boost)  
  19  1:19  Probe (Chrono Boost)  
  20  1:26  Nexus  
  20  1:35  Cybernetics Core  
  21  1:43  Probe (Chrono Boost)  
  21  1:44  Assimilator  
  22  1:54  Probe (Chrono Boost)  
  22  1:58  Pylon  
  22  2:05  Probe (Chrono Boost)  
  23  2:12  Warp Gate, Adept  
  23  2:18  Probe (Chrono Boost)  
  26  2:28  Twilight Council  
  27  2:30  Probe (Chrono Boost)  
  27  2:36  Stalker  
  27  2:38  Probe (Chrono Boost)  
  27  2:42  Probe (Chrono Boost)  
  31  2:48  Probe (Chrono Boost)  
  32  2:52  Resonating Glaives  
  32  2:54  Probe (Chrono Boost)  
  33  2:59  Probe (Chrono Boost)  
  35  3:06  Probe (Chrono Boost)  
  35  3:09  Probe (Chrono Boost)  
  36  3:18  Probe (Chrono Boost)  
  37  3:20  Probe (Chrono Boost)  
  38  3:27  Gateway  
  38  3:28  Gateway  
  38  3:30  Probe x2 (Chrono Boost), Adept  
  42  3:34  Pylon  
  42  3:41  Probe (Chrono Boost)  
  44  3:42  Probe (Chrono Boost)  
  44  3:45  Dark Shrine  
  44  3:51  Probe (Chrono Boost)  
  44  3:55  Assimilator, Probe (Chrono Boost)  
  46  3:59  Assimilator  
  46  4:02  Probe (Chrono Boost)  
  47  4:07  Probe (Chrono Boost)  
  49  4:19  Stalker  
  49  4:22  Adept x2  
  54  4:25  Pylon  
  54  4:26  Nexus  
  54  4:29  Pylon  
  54  4:43  Probe x2 (Chrono Boost), Adept x2  
  54  4:45  Adept  
  62  4:54  Probe x2 (Chrono Boost)  
  62  4:57  Robotics Facility  
  64  5:04  Pylon  
  64  5:11  Dark Templar  
  64  5:12  Dark Templar x2  
  70  5:21  Forge  
  70  5:22  Probe x2 (Chrono Boost)  
  72  5:30  Pylon  
  72  5:33  Probe x2 (Chrono Boost)  
  74  5:41  Probe (Chrono Boost)  
  75  5:43  Probe (Chrono Boost)  
  75  5:44  Probe (Chrono Boost)  
  75  5:48  Sentry x3  
  81  5:52  Probe (Chrono Boost)  
  81  5:54  Probe (Chrono Boost)  
  81  5:57  Immortal, Probe (Chrono Boost)  
  80  6:02  Probe (Chrono Boost)  
  85  6:05  Probe (Chrono Boost)  
  85  6:09  Probe (Chrono Boost)  
  87  6:11  Assimilator  
  87  6:13  Probe (Chrono Boost)  
  87  6:16  Assimilator  
  88  6:20  Adept  
  88  6:21  Adept x2  
  88  6:22  Probe (Chrono Boost)  
  88  6:24  Probe (Chrono Boost)  
  88  6:25  Pylon  
  94  6:35  Mothership Core (Chrono Boost), Probe (Chrono Boost)  
  92  6:40  Probe (Chrono Boost)  
  92  6:42  Adept x3  
  93  6:47  Probe (Chrono Boost)  
  95  6:54  Pylon  
Tags
 
Add a new tag
Caveats
  • Supply blocks, unpowered buildings, or Contaminate may cause inaccurate times.
  • Supply counts are checked every 10 seconds.